Cogmind - Beta 11 X8 @@@ ROGUE MODE // 2021.11.27 @ 14:41:40 Player: szymekc Result: Destroyed by D-53 Grenadier with Mini Grenade Launcher Performance ------------- Evolutions (0) 0 Regions Visited (2) 400 Robots Destroyed (8) 40 Value Destroyed (200) 200 Prototype IDs (2) 40 Alien Tech Used (0) 0 Bonus (0) 0 TOTAL SCORE: 680 Bonus ------- None Cogmind --------- Core Integrity 0/250 Matter 170/300 Energy 249/265 System Corruption 2% Temperature Warm (155) Movement Core (350) Ox6 Location -10/Mines Parts ------- > --- POWER (1) -------- Improved Ion Engine > --- PROPULSION (2) --- (None) > --- UTILITY (2) ------ Medium Storage Unit > --- WEAPON (2) ------- Improved EM Shotgun > --- INVENTORY (10) --- Improved Ion Engine Improved Ion Engine Aluminum Leg Small Storage Unit Bomb Drone Bay (16/16) Datajack Peak State ------------ > --- POWER ------------ Improved Ion Engine > --- PROPULSION ------- Aluminum Leg Aluminum Leg > --- UTILITY ---------- Bomb Drone Bay > --- WEAPON ----------- Improved EM Shotgun Improved EM Shotgun > --- INVENTORY -------- Improved Ion Engine Light Treads Medium Storage Unit Improved EM Shotgun Datajack [Rating: 24] Favorites ----------- Power Improved Ion Engine Engine Improved Ion Engine Propulsion Aluminum Leg Treads Light Treads Leg Aluminum Leg Utility Terrain Scanner Device Terrain Scanner Storage Small Storage Unit Weapon Improved EM Shotgun Energy Gun Improved EM Shotgun Ballistic Gun Assault Rifle Launcher Grenade Launcher Build | -11 -10 -10 ------- Run | Scr Mat Min Slots Evolved . | . . . Power . | . . . Propulsion . | . . . Utility . | . . . Weapon . | . . . Parts Attached 18 | . 6 12 Power 2 | . 2 . Engine 2 | . 2 . Core . | . . . Reactor . | . . . Propulsion 2 | . . 2 Treads 2 | . . 2 Leg . | . . . Wheel . | . . . Hover . | . . . Flight . | . . . Utility 5 | . 1 4 Device 3 | . 1 2 Storage 2 | . . 2 Processor . | . . . Hackware . | . . . Protection . | . . . Artifact . | . . . Weapon 9 | . 3 6 Energy Gun 5 | . 2 3 Energy Cannon . | . . . Ballistic Gun 1 | . 1 . Ballistic Cannon . | . . . Launcher 3 | . . 3 Special Weapon . | . . . Impact Weapon . | . . . Slashing Weapon . | . . . Piercing Weapon . | . . . Special Melee Weapon . | . . . Unidentified Prototypes 2 | . 1 1 Parts Lost 8 | . 1 7 Power . | . . . Propulsion 2 | . . 2 Utility 1 | . . 1 Weapon 5 | . 1 4 Highest Loss Streak 6 | . 1 6 Average Slot Usage (%) 97 | . 98 97 Engine 14 | . 14 14 Treads 8 | . . 15 Leg 19 | . 28 12 Device 12 | . 12 12 Storage 13 | . 14 13 Energy Gun 22 | . 16 27 Ballistic Gun 4 | . 11 . Naked Turns . | . . . Heaviest Build 24 | 11 19 24 Greatest Support 40 | 20 20 40 Greatest Overweight (x) 1 | . . 1 Average Overweight (x) . | . . . Largest Inventory Capacity 10 | . 8 10 Average Capacity 8 | . 8 9 Most Carried 10 | . 8 10 Average Carried 8 | . 7 8 Final Capacity 10 | 8 8 10 Final Carried 8 | 6 8 7 Class Distribution -------------------- 100% | Mutant Dominant Class ---------------- Mutant | -10/Materials Mutant | -10/Mines Resources | -11 -10 -10 ----------- Run | Scr Mat Min Matter Collected 344 | 200 117 27 Remotely . | . . . Salvage Created 392 | . 252 140 Parts 18 | . 18 . Haulers Intercepted . | . . . Recyclers Shooed . | . . . Parts Field Recycled . | . . . Retrieved Matter . | . . . Parts Self-Destructed . | . . . Prevented . | . . . Kills | -11 -10 -10 ------- Run | Scr Mat Min Combat Hostiles Destroyed 24 | . 8 16 Guns 13 | . 8 5 AOE 11 | . . 11 Classes Destroyed 3 | . 2 1 Swarmer 3 | . 3 . Grunt 5 | . 5 . Assembled 16 | . . 16 Best Kill Streak 15 | . 5 15 Combat Bots Only 15 | . 5 15 Max Kills in Single Turn 3 | . 2 3 Gunslinging 1 | . 1 . Exploded 3 | . . 3 Melee . | . . . Uniques/NPCs Destroyed . | . . . Combat | -11 -10 -10 -------- Run | Scr Mat Min Damage Taken 1228 | . 433 795 Core 269 | . 129 140 Absorbed by Shields . | . . . Core Remaining (%) 100 | 100 . . Volleys Fired 43 | . 21 22 Largest 2 | . 2 2 Hottest 90 | . 60 90 Shots Fired 82 | . 42 40 Gun 75 | . 42 33 Cannon . | . . . Launcher 7 | . . 7 Special . | . . . Kinetic 25 | . 25 . Thermal 17 | . 17 . Explosive 7 | . . 7 Electromagnetic 33 | . . 33 Robot Hit Streak 9 | . 9 7 Robot Miss Streak 3 | . 2 3 Penetration Max . | . . . Secondary Targets 2 | . 2 . Max Gunslinging Chain 1 | . 1 . Shots Hit Robots 54 | . 29 25 Core Hits 51 | . 13 38 Critical Kills . | . . . Critical Parts Destroyed . | . . . Critical Strikes . | . . . Melee Attacks . | . . . Impact . | . . . Slashing . | . . . Piercing . | . . . Sneak Attacks . | . . . Combat Hostiles . | . . . Follow-up Attacks . | . . . Damage Inflicted 1203 | . 337 866 Guns 618 | . 333 285 Cannons . | . . . Explosions 581 | . . 581 Melee . | . . . Ramming 4 | . 4 . Kinetic 217 | . 217 . Thermal 116 | . 116 . Explosive 581 | . . 581 Electromagnetic 285 | . . 285 Impact . | . . . Slashing . | . . . Piercing . | . . . Highest Corruption 2 | . 2 2 Average Corruption 2 | . 2 2 Corruption Purged . | . . . Effects 4 | . 1 3 Message Errors 1 | . . 1 Heat Flow Errors 1 | . 1 . Data Loss (minor) 1 | . . 1 Weapon Failures 1 | . . 1 Overload Shots . | . . . Overflow Damage 10 | . . 10 Projectiles . | . . . Explosions 10 | . . 10 Melee . | . . . Knockbacks . | . . . Impact . | . . . Kinetic . | . . . Secondary . | . . . Self-Inflicted Damage 49 | . . 49 Shots 1 | . . 1 Rammed . | . . . Targets Rammed 1 | . 1 . Kicked 1 | . 1 . Crushed . | . . . Highest Temperature 355 | . 166 355 Average Temperature 132 | . 53 182 Received Heat Transfer 248 | . 168 80 Effects 1 | . . 1 Shutdowns 1 | . . 1 Siege Activations . | . . . Robots Corrupted . | . . . Combat Hostiles . | . . . Parts Fried . | . . . Impact Corruptions . | . . . Robots Melted . | . . . Combat Hostiles . | . . . Parts Melted . | . . . Heat Transferred 275 | . 275 . Parts Sabotaged . | . . . Parts Stolen . | . . . Parts Stripped . | . . . Power Chain Reactions . | . . . Missiles Intercepted . | . . . Alert | -11 -10 -10 ------- Run | Scr Mat Min Peak Influence 240 | . 240 98 Initial 93 | . . 93 Average 101 | . 131 80 Maximum Alert Level 1 | . 1 . Low Security (%) 80 | . 52 100 Level 1 19 | . 47 . Level 2 . | . . . Level 3 . | . . . Level 4 . | . . . Level 5 . | . . . High Security . | . . . Max Security . | . . . Squads Dispatched 2 | . 2 . Investigation . | . . . Extermination . | . . . Reinforcement 2 | . 2 . Assault . | . . . Garrison . | . . . Intercept . | . . . Construction Impeded . | . . . Haulers Reinforced . | . . . Active Scanning Responses . | . . . Cargo Convoy Interrupts . | . . . Stealth | -11 -10 -10 --------- Run | Scr Mat Min Distress Signals . | . . . Communications Jammed . | . . . Distress Signals . | . . . Times Spotted 35 | . 15 20 Peak Tracking Total 8 | . 8 8 Tactical Retreats 3 | . 2 1 Traps | -11 -10 -10 ------- Run | Scr Mat Min Traps Triggered 1 | . 1 . Indirectly . | . . . Trap Hack Attempts . | . . . Triggered . | . . . Disarmed . | . . . Reprogrammed . | . . . Reused . | . . . Traps Extracted . | . . . Installed . | . . . Triggered . | . . . Machines | -11 -10 -10 ---------- Run | Scr Mat Min Machines Disabled . | . . . Max in Single Turn . | . . . Machines Sabotaged . | . . . Garrisons Compromised . | . . . Overloaded Fab Kills . | . . . Hacking | -11 -10 -10 --------- Run | Scr Mat Min Machines Accessed 1 | . . 1 Terminals . | . . . Fabricators . | . . . Repair Stations . | . . . Recycling Units . | . . . Scanalyzers . | . . . Garrison Access . | . . . Total Hacks 1 | . . 1 Successful 1 | . . 1 Failed . | . . . Catastrophic . | . . . Database Lockouts . | . . . Manual . | . . . Terminals . | . . . Fabricators . | . . . Repair Stations . | . . . Recycling Units . | . . . Scanalyzers . | . . . Garrison Access . | . . . Terminal Hacks 1 | . . 1 Open Door 1 | . . 1 Fabricator Hacks . | . . . Repair Station Hacks . | . . . Recycling Unit Hacks . | . . . Scanalyzer . | . . . Garrison Access Hacks . | . . . Unauthorized Hacks . | . . . Terminals . | . . . Fabricators . | . . . Repair Stations . | . . . Recycling Units . | . . . Scanalyzers . | . . . Garrison Access . | . . . Data Cores Recovered . | . . . Used . | . . . Hacking Detections . | . . . Full Trace Events . | . . . Feedback Events . | . . . Feedback Blocked . | . . . Robot Schematics Acquired . | . . . Robots Built . | . . . Authchips . | . . . Time . | . . . Total Robot Build Rating . | . . . Part Schematics Acquired . | . . . Parts Built . | . . . Authchips . | . . . Time . | . . . Total Part Build Rating . | . . . Parts Repaired . | . . . Time . | . . . Parts Recycled . | . . . Recycled Matter . | . . . Retrieved Matter . | . . . Retrieved Components . | . . . Parts Scanalyzed . | . . . Part Schematics Acquired . | . . . Parts Damaged . | . . . Bothacking | -11 -10 -10 ------------ Run | Scr Mat Min Used RIF Installer . | . . . Robots Hacked . | . . . Non-combat . | . . . Combat . | . . . Robot Hacks Applied . | . . . Relay Couplers Released . | . . . Fabnet Peak Effective % . | . . . Robots Rewired . | . . . Allies Hacked . | . . . Hacks Repelled . | . . . Allies | -11 -10 -10 -------- Run | Scr Mat Min Total Allies . | . . . Largest Group . | . . . Highest-Rated Group . | . . . Highest-Rated Ally . | . . . Total Orders . | . . . Ally Attacks . | . . . Total Damage . | . . . Kills . | . . . Allies Corrupted . | . . . Allies Melted . | . . . Intel | -11 -10 -10 ------- Run | Scr Mat Min Robot Analysis Total . | . . . Derelict Logs Recovered . | . . . Drone Launches . | . . . Drone Recoveries . | . . . Exploration | -11 -10 -10 ------------- Run | Scr Mat Min Turns Passed 781 | . 322 459 Spaces Moved 427 | 1 196 230 Core . | . . . Treads 118 | . . 118 Legs 309 | 1 196 112 Wheels . | . . . Hover . | . . . Flight . | . . . Fastest Speed 120 | 120 120 120 Average Speed 140 | 120 120 158 Slowest Speed 240 | 120 120 240 Overloaded Moves . | . . . Propulsion Burnouts . | . . . Robots Hopped . | . . . Cave-ins Triggered . | . . . Exploration Rate (%) 27 | 2 37 42 Regions Visited 2 Branch Regions 1 Pre-discovered Areas . | . . . Known Exits Taken . | . . . Unknown Exits Taken 2 | 1 1 . Scrap Searched . | . . . Spaces Dug . | . . . Terrain Destroyed 43 | . . 43 Melee . | . . . Projectile . | . . . AOE 43 | . . 43 Terrain Rammed . | . . . Walls Destroyed . | . . . Machines Disabled . | . . . Actions | -11 -10 -10 --------- Run | Scr Mat Min Total 531 | . 247 284 Wait 15 | . 7 8 Move 425 | . 195 230 Hop . | . . . Pick Up 14 | . 8 6 Fast Attach 7 | . 3 4 Attach 4 | . 1 3 Detach . | . . . Swap 7 | . 2 5 Drop 15 | . 9 6 Fire 43 | . 21 22 Melee . | . . . Ram . | . . . Kick 1 | . 1 . Crush . | . . . Escape Stasis . | . . . Rewire . | . . . Trap . | . . . Miscellaneous . | . . . Route ------- -11/Scrapyard -10/Materials -10/Mines History --------- Turn | Location | Event 1 | -11/Scrapyard | Discovered new exit (range 0) 1 | -11/Scrapyard | Entered Materials 197 | -10/Materials | Core integrity fell below 50% 307 | -10/Materials | Discovered new exit (range 9) 308 | -10/Materials | Build established: Mutant 323 | -10/Materials | Entered Mines 374 | -10/Mines | Found the Drone Emporium 381 | -10/Mines | Found Prototype Device 381 | -10/Mines | Identified Bomb Drone Bay 468 | -10/Mines | Received a Rocket Launcher from a helpful Derelict 694 | -10/Mines | Assembled infested the area 755 | -10/Mines | Core integrity fell below 20% 764 | -10/Mines | Destroyed 15 combat bots 782 | -10/Mines | Destroyed by D-53 Grenadier with Mini Grenade Launcher Last Messages --------------- 00734_ as-59155 destroyed. 00737_ Grenade Launcher destroyed. 00740_ System corrupted: Imp. EM Shotgun failed to cycle. 00742_ The unstable cave ceiling collapses. 00743_ as-56749 destroyed. 00744_ The unstable cave ceiling collapses. 00745_ Terrain Scanner destroyed. 00746_ Acquired 14 matter. 00746_ R-06 Scavenger collects Mining Laser. 00750_ R-06 Scavenger collects Wheel. 00752_ The unstable cave ceiling collapses. 00760_ as-50868 misfires. 00765_ as-50868 destroyed. 00766_ Power failure, Imp. Ion Engine shutdown. 00768_ Acquired 7 matter. 00770_ Acquired 6 matter. 00774_ Imp. EM Shotgun destroyed. 00774_ R-06 Scavenger destroyed. 00778_ Imp. EM Shotgun destroyed. 00780_ Lgt. Treads destroyed. Map ----- +----------------------------------------------------+ | | | | | | | | | | | | | | | | | | | ????????????????????????????????????????????????? | | ????????????????????????????????????????????????? | | ????????????????????????????????????????????????? | | ?????????????????????????????????? #???????????? | | ???????????????????????###????????< ???????????? | | ??????????????????###?## ##????? ????????????? | | ?????????????????## ## ##??? ?????????????? | | ?????????????????# #### ??????????????? | | ?????????????????# ???????????????? | | ????????????????## #????????????????? | | ????????????????? % #?????????????????? | | ??????????????????#t %%!#?????????????????? | | ???????????????????# * #?????????????????? | | ?????????????????### d ###???????????????? | | ?????????????????# d ##???????????????? | | ?????????????????# #????#?? ????????? | | ?????????????????????# @ #?#??????????????? | | ?????????????#???#??# ##???#????????????? | | ????????????????????# #?????????????????? | | ????????????????????## ##?????????????????? | | ?????????????????????### ##??????????#???????? | | ??????????????#?? ?#???# #???????????????????? | | ?????????????????????#?# # ######?????????????? | | ???????????????????????## ### ##?????????????? | | ???????????????##?###??## ## #???#?????????? | | ???????# ?????#??????### ##????????????? | | ???????# ????????#??## ##?????????????? | | ??????? #????????## ##???#??????????? | | ???????" #???###### ####???????????????? | | ???????" #### ##??????????????????? | | ??????"" ##????#??????????????? | | ?????? ####????????????????????? | | ??????? ##??????????"????????????? | | ??????????##### ##????????????????????????? | | ?????????###??## ##???#?????????????????????? | | ????????## #?## #??????????#???????????????? | | ????????# ## #????#?????????????????????? | | ????????# ##??????###????????????????? | | ????????## #?#?#?## ####????????????? | | ????###### ##??#?# ##???????????? | | ?? #?????# #???????????? | +----------------------------------------------------+ Best States ------------- Heat Dissipation 25 Energy Generation 12 Energy Capacity 265 Matter Stores 300 Matter Capacity 300 Sight Range 16 Terrain Scan Range 14 Terrain Scan Density 10 Evasion (%) 55 Recoil Reduction 2 Item Schematics ----------------- None Robot Schematics ------------------ None Fabricated ------------ Nothing Alien Tech Used ----------------- None Achievements -------------- None Challenges ------------ None Game ------ Seed ShadingAlertLaser Manual? 0 Play Time 00:07:49 Cumulative 67.1 hours Start 2021.11.27 @ 14:34:26 End 2021.11.27 @ 14:41:40 Sessions 1 Manual Loads 0 Difficulty Rogue Special Mode None Game No. 38 Rogue 36 Adventurer 2 Explorer 0 Win Type - Total 2 Types 2/0/0/0/0/0/0/0/0 Lore% 49 Gallery% 60 Achievement% 47 Wizard Run 0 Options --------- ASCII 0 Keyboard 0 Movement Numpad Keybinds 0 Fullscreen 2 Font 24/Smallcaps Map View 76x50 Tactical HUD 1 Map Filters NONE Filters NONE Steam 1 RUN: b58311bb-a682-47fb-82b6-e02ea392dcd0